 Dungeon Crawl Stone Soup version 0.30-b1-2-g02819fbbbe (webtiles) character file.

Game seed: 8159476082628501710

523 Akracion the Shield-Bearer (level 7, -3/60 HPs)
             Began as a Gnoll Fighter on May 22, 2023.
             Was a Follower of Uskayaw.
             Slain by an ufetubus (5 damage)
             ... on level 6 of the Dungeon.
             The game lasted 00:18:00 (2921 turns).

Akracion the Shield-Bearer (Gnoll Fighter)          Turns: 2921, Time: 00:18:01

Health: -3/60      AC:  0    Str: 17    XL:     7   Next: 22%
Magic:  10/10      EV: 14    Int:  8    God:    Uskayaw [*.....]
Gold:   134        SH:  0    Dex: 11    Spells: 10/10 levels left

rFire   . . .        a - melded +2 long sword
rCold   . . .        c - melded +0 buckler
rNeg    . . .        e - melded +4 ring mail
rPois   .            (helmet currently unavailable)
rElec   .            j - melded +0 cloak
rCorr   .            (gloves currently unavailable)
SInv    .            (boots currently unavailable)
Will    .....        (no amulet)
Stlth   ++           (ring currently unavailable)
HPRegen 0.30/turn    (ring currently unavailable)
MPRegen 0.12/turn

%: no passive effects
@: pig-form, very quick
A: fast, no casting, small, (fangs 1), strong nose, distributed training
a: Renounce Religion, Stomp


You were on level 6 of the Dungeon.
You worshipped Uskayaw.
Uskayaw was noncommittal.
You were a filthy swine.
You visited 1 branch of the dungeon, and saw 6 of its levels.

You collected 134 gold pieces.

Inventory:

Hand Weapons
 a - a +2 long sword (melded)
Armour
 b - a +0 scale mail
 c - a +0 buckler (melded)
 e - a +4 ring mail (melded)
 j - a +0 cloak (melded)
Jewellery
 m - an amulet of magic regeneration
Scrolls
 l - a scroll of teleportation
 n - 2 scrolls of magic mapping
Potions
 g - a potion of attraction
 h - a potion of mutation {unknown}
 i - 3 potions of resistance {unknown}
 k - 3 potions of flight {unknown}


   Skills:
 + Level 7.0 Fighting
 + Level 2.4 Short Blades
 + Level 5.2 Long Blades
 + Level 2.4 Axes
 + Level 2.4 Maces & Flails
 + Level 2.4 Polearms
 + Level 2.4 Staves
 + Level 2.4 Ranged Weapons
 + Level 2.4 Throwing
 + Level 7.0 Armour
 + Level 2.4 Dodging
 + Level 2.4 Stealth
 + Level 7.0 Shields
 + Level 2.4 Unarmed Combat
 + Level 2.4 Spellcasting
 + Level 2.0 Conjurations
 + Level 2.0 Hexes
 + Level 2.0 Summonings
 + Level 2.0 Necromancy
 + Level 2.0 Translocations
 + Level 2.0 Transmutations
 + Level 2.0 Fire Magic
 + Level 2.0 Ice Magic
 + Level 2.0 Air Magic
 + Level 2.0 Earth Magic
 + Level 2.0 Poison Magic
 + Level 2.7 Invocations
 + Level 2.4 Evocations


You had 10 spell levels left.
You didn't know any spells.
Your spell library contained the following spells:

 Spells                   Type           Power      Damage    Failure   Level
 Cigotuvi's Dreadful Rot  Necr/Pois/Air  8%         N/A       22%         2
 Ensorcelled Hibernation  Hex/Ice        8%         N/A       22%         2
 Passwall                 Tmut/Erth      3%         N/A       22%         2
 Frozen Ramparts          Ice            8%         1d2       41%         3
 Ignite Poison            Fire/Tmut/Pois 4%         N/A       41%         3
 Swiftness                Air            4%         N/A       41%         3
 Ice Form                 Ice/Tmut       4%         N/A       83%         4
 Summon Ice Beast         Ice/Summ       4%         N/A       83%         4
 Freezing Cloud           Conj/Ice/Air   2%         6-21      99%         5


Dungeon Overview and Level Annotations

Branches:
Dungeon (6/15)
 Temple: D:4-7

Altars:
Hepliaklqana
Nemelex Xobeh
Uskayaw
The Shining One


Innate Abilities, Weirdness & Mutations

You are a filthy swine.
You move quickly.
Your equipment is almost entirely melded.
You are incapable of wielding weapons or throwing items.
You cannot cast spells.
((You have very sharp teeth.))
Your uncanny sense of smell can sniff out nearby items.
Your experience applies equally to all skills.


Message History

The centaur shoots an arrow.
The arrow misses you.
The centaur shoots an arrow.
The arrow barely misses you.
An ufetubus comes into view.
The centaur shoots an arrow.
The arrow hits you!
The centaur shoots an arrow.
The arrow misses you.
The ufetubus shouts!
The centaur unwields a +0 shortbow.
The centaur misses you. The centaur kicks you.
You hit the centaur.
The centaur is lightly wounded.
The centaur hits you. The centaur kicks you.
You completely miss the centaur.
The centaur is lightly wounded.
The ufetubus hits you. The ufetubus misses you. The centaur closely misses you.
The centaur kicks you.
You barely miss the centaur.
The centaur is lightly wounded.
The ufetubus closely misses you. The ufetubus barely misses you.
The centaur misses you. The centaur kicks you.
You hit the centaur but do no damage. The ufetubus hits you.
* * * LOW HITPOINT WARNING * * *
The ufetubus closely misses you. The centaur closely misses you. x2
The centaur hits you.
* * * LOW HITPOINT WARNING * * *
The centaur barely misses you. The ufetubus completely misses you.
The ufetubus hits you.
* * * LOW HITPOINT WARNING * * *
You barely miss the centaur. The ufetubus closely misses you. x2
The centaur closely misses you. The centaur barely misses you.
You barely miss the centaur. The ufetubus misses you. The ufetubus hits you.
* * * LOW HITPOINT WARNING * * *
The centaur barely misses you. The centaur kicks you.
* * * LOW HITPOINT WARNING * * *
You hit the centaur.
The centaur is lightly wounded.
The ufetubus closely misses you. The ufetubus hits you.
* * * LOW HITPOINT WARNING * * *
The centaur closely misses you. The centaur completely misses you.
The ufetubus hits you.
You die...

. # ###########
...§##.........# #
#.....5.<...h# .#
.).[...$.....5c##..####
.......................
#####.##########.#.....
#. .# ..c ## .# . .. ..
∆...


You could see a centaur, a white imp and an ufetubus.

Vanquished Creatures
  2 black bears (D:5)
  A phantom (D:5)
  A scorpion (D:5)
  2 hounds (D:5)
  3 iguanas
  An ufetubus (D:5)
  3 worms
  2 orcs
  3 bats
  8 endoplasms
  A giant cockroach (D:2)
  10 goblins
  4 hobgoblins
  A jackal (D:2)
  A kobold (D:2)
  3 quokkas
  4 ball pythons
  A frilled lizard (D:3)
  4 rats
55 creatures vanquished.

Vanquished Creatures (collateral kills)
  An orc (D:4)
  A ball python (D:4)
2 creatures vanquished.

Vanquished Creatures (others)
  4 toadstools (D:3)
4 creatures vanquished.

Grand Total: 61 creatures vanquished

Notes
Turn   | Place    | Note
-------+----------+-------------------------------------------
     0 | D:1      | Akracion the Gnoll Fighter began the quest for the Orb.
     0 | D:1      | Reached XP level 1. HP: 23/23 MP: 1/1
   199 | D:1      | You fall into a shaft and drop 1 floor!
   307 | D:2      | Reached XP level 2. HP: 29/29 MP: 2/2
   514 | D:3      | Found a sparkling altar of Nemelex Xobeh.
   525 | D:3      | Became a worshipper of Nemelex Xobeh the Trickster
   610 | D:3      | Reached XP level 3. HP: 32/35 MP: 3/3
   710 | D:2      | Reached skill level 1 in Invocations
  1099 | D:2      | Reached skill level 1 in Short Blades
  1099 | D:2      | Reached skill level 1 in Axes
  1099 | D:2      | Reached skill level 1 in Maces & Flails
  1099 | D:2      | Reached skill level 1 in Polearms
  1099 | D:2      | Reached skill level 1 in Staves
  1099 | D:2      | Reached skill level 1 in Ranged Weapons
  1099 | D:2      | Reached skill level 1 in Throwing
  1099 | D:2      | Reached skill level 1 in Dodging
  1099 | D:2      | Reached skill level 1 in Stealth
  1099 | D:2      | Reached skill level 1 in Unarmed Combat
  1099 | D:2      | Reached skill level 1 in Spellcasting
  1099 | D:2      | Reached skill level 1 in Evocations
  2425 | D:3      | Reached XP level 4. HP: 41/41 MP: 5/5
  2452 | D:4      | Reached skill level 1 in Conjurations
  2452 | D:4      | Reached skill level 1 in Hexes
  2452 | D:4      | Reached skill level 1 in Summonings
  2452 | D:4      | Reached skill level 1 in Necromancy
  2452 | D:4      | Reached skill level 1 in Translocations
  2452 | D:4      | Reached skill level 1 in Transmutations
  2452 | D:4      | Reached skill level 1 in Fire Magic
  2452 | D:4      | Reached skill level 1 in Ice Magic
  2452 | D:4      | Reached skill level 1 in Air Magic
  2452 | D:4      | Reached skill level 1 in Earth Magic
  2452 | D:4      | Reached skill level 1 in Poison Magic
  2453 | D:4      | Reached * piety under Nemelex Xobeh
  2467 | D:4      | Received a gift from Nemelex Xobeh
  2519 | D:5      | Entered Level 5 of the Dungeon
  2550 | D:5      | Noticed a black bear
  2565 | D:5      | Killed a black bear
  2566 | D:5      | Reached XP level 5. HP: 29/47 MP: 5/7
  2645 | D:5      | Reached XP level 6. HP: 30/53 MP: 8/8
  2660 | D:5      | Noticed a black bear
  2679 | D:5      | Reached skill level 5 in Long Blades
  2682 | D:5      | Killed a black bear
  2714 | D:5      | Reached XP level 7. HP: 35/59 MP: 10/10
  2726 | D:5      | Found a hide-covered altar of Uskayaw.
  2744 | D:5      | Fell from the grace of Nemelex Xobeh
  2744 | D:5      | Became a worshipper of Uskayaw the Reveller
  2760 | D:5      | Found a glowing golden altar of the Shining One.
  2777 | D:5      | Reached * piety under Uskayaw
  2781 | D:5      | Reached ** piety under Uskayaw
  2867 | D:5      | Found a hazy altar of Hepliaklqana.
  2921 | D:6      | HP: 2/60 [ufetubus (3)]
  2921 | D:6      | Slain by an ufetubus

Illustrated notes

Levels and vault maps discovered:
D:1:      dpeg_cavernosity, layout_loops_ring
D:2:      layout_loops_cross, minmay_increasing_density
D:3:      layout_loops_ring, gammafunk_temple_overflow_elements,
          nemelex_diamond_rough_becter, minmay_gold_behind_fungi, uniq_ijyb
D:4:      layout_cave_pools, serial_demonic, serial_demonic_g, serial_demonic_f,
          serial_demonic_e, serial_demonic_d
D:5:      layout_cave_pools, mainiacjoe_overflow_large_starburst,
          trog_ov_bears_minmay, kennysheep_mini, serial_rivers,
          chequers_serial_rivers_marsh, chequers_serial_rivers_micro_b,
          chequers_serial_rivers_large_b, chequers_serial_rivers_large_a,
          chequers_serial_rivers_micro_a
D:6:      lemuel_insect_pit, layout_rooms, vehumet_altar_wand_db,
          minmay_temple_entry_crystal_x

Skill      XL: |  1  2  3  4  5  6  7 |
---------------+----------------------+-----
Invocations    | 1 2 |  2.7
Short Blades   | 1 2 |  2.4
Axes           | 1 2 |  2.4
Maces & Flails | 1 2 |  2.4
Polearms       | 1 2 |  2.4
Staves         | 1 2 |  2.4
Ranged Weapons | 1 2 |  2.4
Throwing       | 1 2 |  2.4
Dodging        | 1 2 |  2.4
Stealth        | 1 2 |  2.4
Unarmed Combat | 1 2 |  2.4
Spellcasting   | 1 2 |  2.4
Evocations     | 1 2 |  2.4
Conjurations   | 1 2 |  2.0
Hexes          | 1 2 |  2.0
Summonings     | 1 2 |  2.0
Necromancy     | 1 2 |  2.0
Translocations | 1 2 |  2.0
Transmutations | 1 2 |  2.0
Fire Magic     | 1 2 |  2.0
Ice Magic      | 1 2 |  2.0
Air Magic      | 1 2 |  2.0
Earth Magic    | 1 2 |  2.0
Poison Magic   | 1 2 |  2.0
Long Blades    | 5 |  5.2
Fighting       | 7 |  7.0
Armour         | 7 |  7.0
Shields        | 7 |  7.0

Action                     |  1- 3 |  4- 6 |  7- 9 || total
---------------------------+-------+-------+-------++-------
  Melee: Long sword        |    98 |    67 |    20 ||   185
         Bite              |     7 |     6 |     1 ||    14
         Unarmed           |       |       |     7 ||     7
 Invoke: Draw Destruction  |       |     2 |       ||     2
         Draw Summoning    |       |     1 |       ||     1
    Use: Scroll            |     7 |     1 |     1 ||     9
         Potion            |       |     3 |       ||     3
 Armour: Ring mail         |    35 |    78 |     8 ||   121
  Dodge: Dodged            |    47 |    76 |    34 ||   157
  Block: Buckler           |    27 |    34 |     9 ||    70
